Map: Abiogênese LE

Players

Jemm - Winner!

  • Race: Terran Terran
  • League: Bronze
  • Spawn Location: 5:00

IagoAbreu

  • Race: Terran Terran
  • League: Silver
  • Spawn Location: 11:00

VOD

Have the link to the VOD?

Description

Time

  • Played on: March 1, 2018, 10:42 a.m.
  • Length: 6:55
Show
View Real Time Build Order
Export as new Build Order

Jemm Terran - Winner!

Build Orders: Mech 

Get SALT Encoding   

  12  0:11  Supply Depot  
  12  0:13  SCV  
  13  0:34  Supply Depot  
  13  0:44  SCV, Barracks  
  14  0:52  Refinery  
  14  0:56  SCV  
  15  1:08  SCV  
  16  1:21  Barracks  
  16  1:23  SCV  
  17  1:28  Refinery  
  17  1:35  SCV  
  17  1:37  Marine  
  19  1:47  SCV  
  20  1:54  Marine  
  20  1:59  SCV  
  22  2:07  Barracks  
  22  2:09  Marine  
  23  2:18  SCV  
  24  2:24  Supply Depot  
  24  2:27  Marine  
  25  2:33  Factory  
  25  2:36  Marine  
  26  2:45  Marine  
  27  2:54  Marine  
  27  2:55  Factory  
  28  3:00  Marine  
  28  3:03  Marine  
  30  3:12  Marine  
  31  3:18  Marine  
  31  3:19  Factory Tech Lab  
  32  3:30  Marine  
  33  3:36  Marine  
  33  3:39  Siege Tank  
  37  3:41  Factory Tech Lab  
  37  3:51  Supply Depot  
  37  3:52  Marine  
  37  3:53  Marine  
  39  4:02  Supply Depot  
  39  4:12  Marine x3  
  42  4:27  Siege Tank  
  42  4:30  Marine x2  
  47  4:31  Marine  
  48  4:48  Marine  
  48  4:50  Siege Tank  
  52  5:12  Supply Depot  
  52  5:21  Factory  
  52  5:22  Barracks Reactor  
  52  5:23  Barracks Reactor  
  52  5:25  Barracks Reactor  
  52  5:31  Siege Tank  
  51  6:47  Factory Tech Lab  
Show
View Real Time Build Order
Export as new Build Order

IagoAbreu Terran 

Build Orders:  

Get SALT Encoding   

  12  0:01  SCV  
  13  0:14  Supply Depot  
  13  0:19  SCV  
  14  0:29  Supply Depot  
  14  0:31  SCV  
  15  0:45  SCV  
  15  0:49  Refinery  
  16  0:56  Barracks  
  16  1:00  SCV  
  17  1:11  Refinery  
  17  1:12  SCV  
  18  1:24  SCV  
  19  1:32  Engineering Bay  
  19  1:37  SCV  
  20  1:46  Bunker  
  20  1:49  Barracks Reactor  
  20  2:26  Command Center  
  20  2:30  Marine  
  20  2:37  Marine, Factory  
  22  2:47  Orbital Command  
  22  2:59  Terran Infantry Weapons Level 1  
  22  3:02  Marine  
  23  3:05  Marine  
  24  3:16  SCV  
  25  3:25  Starport  
  25  3:33  SCV  
  26  3:58  Widow Mine  
  28  4:06  Starport  
  28  4:07  Starport Reactor  
  28  4:14  Armory, Orbital Command  
  28  4:19  Widow Mine  
  30  4:43  Refinery  
  30  4:46  Liberator x2  
  30  4:47  Refinery  
  30  5:01  Starport Reactor  
  30  5:06  SCV  
  37  5:16  Supply Depot  
  37  5:18  SCV  
  38  5:30  SCV  
  38  5:31  SCV  
  40  5:39  Liberator  
  40  5:40  Supply Depot  
  40  5:42  SCV  
  41  5:43  SCV  
  41  5:54  SCV  
  39  6:01  Marine x2  
  41  6:06  SCV  
  40  6:18  SCV  
  36  6:28  Marine x2  
Tags
 
Composition
Mech
Matchup
TvT
Race
Terran
Spawn Locations
Cross Positions
Add a new tag
Caveats
  • Supply blocks, unpowered buildings, or Contaminate may cause inaccurate times.
  • Supply counts are checked every 10 seconds.